 Dungeon Crawl Stone Soup version 0.31-a0-702-gf82c85558f (webtiles) character file.

Game seed: 6886021516250416837

329 qw the Shooter (level 6, -2/38 HPs)
             Began as a Gargoyle Hunter on Sept 7, 2023.
             Slain by Edmund
             ... wielding a +2 flail of protection
              (8 damage)
             ... on level 5 of the Dungeon.
             The game lasted 00:01:27 (3404 turns).

qw the Shooter (Gargoyle Hunter)                    Turns: 3404, Time: 00:01:28

Health: -2/38      AC: 10    Str: 14      XL:     6   Next: 50%
Magic:  6/6        EV: 10    Int:  7 (10) God:
Gold:   141        SH:  0    Dex: 14 (15) Spells: 5/5 levels left

rFire   . . .        Y - +1 shortbow
rCold   . . .        (shield currently unavailable)
rNeg    + . .        m - +0 ring mail
rPois   inf          b - +0 helmet
rElec   +            (no cloak)
rCorr   .            (no gloves)
SInv    .            (no boots)
Will    .....        n - amulet of faith
Stlth   +            (no ring)
HPRegen 0.26/turn    (no ring)
MPRegen 0.10/turn

%: faith
@: no status effects
A: sickness immunity, AC +4, negative energy resistance 1, electricity
resistance, torment resistance 1, petrification resistance
a: no special abilities


You were on level 5 of the Dungeon.
You visited 1 branch of the dungeon, and saw 5 of its levels.

You collected 141 gold pieces.


Innate Abilities, Weirdness & Mutations

You are immune to sickness and miasma.
Your stone body is resilient. (AC +4)
You are immune to poison.
You resist negative energy. (rN+)
You are resistant to electric shocks. (rElec)
You are resistant to unholy torment.
You are immune to petrification.


   Skills:
 - Level 4.2 Fighting
 + Level 6.6 Ranged Weapons
 - Level 1.0 Armour
 - Level 1.5 Dodging
 - Level 1.1 Stealth


You had 5 spell levels left.
You didn't know any spells.
Your spell library was empty.

Inventory:

Hand Weapons
 Y - a +1 shortbow (weapon)
Armour
 b - a +0 helmet (worn)
 m - a +0 ring mail (worn)
Jewellery
 n - an amulet of faith (around neck)
Scrolls
 c - a scroll of identify
Potions
 a - a potion of might
 d - a potion of enlightenment
 e - 2 potions of curing
 f - a potion of heal wounds {unknown}
 g - a potion of lignification {unknown}
 h - a potion of mutation {unknown}
 j - a potion of attraction {unknown}
 k - a potion of brilliance {unknown}

Dungeon Overview and Level Annotations

Branches:
Dungeon (5/15)
 Temple: D:4-7

Altars:

Shops:
D:2 (

Annotations:
D:5 Edmund


Message History

You shoot an arrow. The arrow barely misses Edmund.
You shoot an arrow. The arrow closely misses Edmund.
You shoot an arrow. The arrow barely misses Edmund.
Edmund barely misses you.
You shoot an arrow.
The arrow hits Edmund but does no damage.
Edmund is moderately wounded.
Edmund barely misses you.
You shoot an arrow. The arrow hits Edmund!
Edmund is heavily wounded.
Edmund hits you with a +2 flail of protection!
You shoot an arrow.
The arrow hits Edmund but does no damage.
Edmund is heavily wounded.
Edmund hits you but does no damage.
You shoot an arrow. The arrow closely misses Edmund.
Edmund hits you with a +2 flail of protection.
You shoot an arrow. The arrow hits Edmund.
Edmund is heavily wounded.
Edmund hits you but does no damage.
You shoot an arrow. The arrow hits Edmund.
Edmund is heavily wounded.
Edmund hits you with a +2 flail of protection!
Edmund hits you but does no damage.
You shoot an arrow. The arrow closely misses Edmund.
Edmund hits you but does no damage.
You shoot an arrow.
The arrow hits Edmund but does no damage.
Edmund is heavily wounded.
Edmund closely misses you.
You shoot an arrow. The arrow barely misses Edmund.
Edmund hits you with a +2 flail of protection.
You shoot an arrow. The arrow barely misses Edmund.
Edmund hits you with a +2 flail of protection!
You shoot an arrow.
The arrow hits Edmund but does no damage.
Edmund is heavily wounded.
Edmund hits you with a +2 flail of protection!
You die...
Edmund whines, "They better pay attention to me now!"

.. #.#####....>...
..##### #..........>...
.......##..............
.......#.....<........#
...............########
...............#
........##.#####
#.......##..#
#......@##### #...###@#
#..# #.$ #.? #.## #.
#.. ##. . ..


You could see Edmund.

Vanquished Creatures
  A jelly (D:4)
  2 hounds
  Natasha (D:3)
  Robin (D:2)
  4 gnolls (D:4)
  6 adders
  An ufetubus (D:4)
  4 dart slugs
  2 orcs (D:4)
  7 endoplasms
  2 giant cockroaches (D:1)
  8 hobgoblins
  8 jackals
  7 kobolds
  2 quokkas (D:2)
  2 ball pythons (D:1)
  6 bats
  2 frilled lizards
  15 goblins
  4 rats
85 creatures vanquished.

Notes
Turn   | Place    | Note
-------+----------+-------------------------------------------
     0 | D:1      | qw the Gargoyle Hunter began the quest for the Orb.
     0 | D:1      | Reached XP level 1. HP: 12/12 MP: 1/1
     0 | D:1      | 0 ||| qw: Version: 0.3-a-76-g4403597
     0 | D:1      | 0 ||| qw: Game counter: 835
     0 | D:1      | 0 ||| qw: Melee chars always use a shield: true
     0 | D:1      | 0 ||| qw: God list: Okawaru
     0 | D:1      | 0 ||| qw: Allow faded altars: false
     0 | D:1      | 0 ||| qw: Do Orc after clearing Dungeon:15 true
     0 | D:1      | 0 ||| qw: Do second Lair branch before Depths: true
     0 | D:1      | 0 ||| qw: Lair rune preference: random
     0 | D:1      | 0 ||| qw: Goals: Normal
     0 | D:1      | 0 ||| PLANNING D:1-11
   100 | D:1      | Reached XP level 2. HP: 17/17 MP: 2/2
   279 | D:1      | Reached XP level 3. HP: 21/21 MP: 3/3
   292 | D:1      | Found a faded altar of an unknown god.
   568 | D:1      | Reached skill level 5 in Ranged Weapons
   799 | D:1      | 799 ||| READING scroll labelled MITURRIQOI.
   800 | D:1      | 800 ||| READING 2 scrolls labelled JEAKHU IQOKKIPT.
   801 | D:1      | 801 ||| READING scroll labelled JOUMMU SYORIKAV.
   802 | D:1      | 802 ||| DROPPING scroll of butterflies.
   803 | D:1      | 803 ||| DROPPING scroll of fog.
  1001 | D:2      | Reached skill level 3 in Fighting
  1141 | D:2      | Reached XP level 4. HP: 26/28 MP: 4/4
  1150 | D:2      | Found Wylequgh's Weapon Shop.
  1340 | D:2      | 1340 ||| READING scroll labelled XYOPNU SANUTYGG.
  1341 | D:2      | 1341 ||| READING scroll labelled ZIOGIH NYNUIWN.
  1342 | D:2      | 1342 ||| READING scroll labelled CUBBOI ZAPEJE.
  1346 | D:2      | 1346 ||| DRINKING 2 sapphire potions.
  1360 | D:3      | Noticed Robin
  1362 | D:3      | 1362 ||| STAIRDANCE
  1384 | D:3      | 1384 ||| STAIRDANCE
  1394 | D:3      | 1394 ||| STAIRDANCE
  1426 | D:3      | 1426 ||| STAIRDANCE
  1433 | D:2      | Killed Robin
  1461 | D:2      | 1461 ||| UPGRADING to +0 helmet.
  1470 | D:3      | 1470 ||| STAIRDANCE
  1853 | D:3      | Reached XP level 5. HP: 32/32 MP: 5/5
  1890 | D:3      | Noticed Natasha
  1900 | D:3      | 1900 ||| Stepping ~*~*~tactically~*~*~ (retreating).
  1901 | D:3      | 1901 ||| Stepping ~*~*~tactically~*~*~ (retreating).
  1902 | D:3      | 1902 ||| RETREATING.
  1903 | D:3      | 1903 ||| Stepping ~*~*~tactically~*~*~ (retreating).
  1904 | D:3      | 1904 ||| Stepping ~*~*~tactically~*~*~ (outnumbered).
  1906 | D:3      | 1906 ||| Stepping ~*~*~tactically~*~*~ (retreating).
  1906 | D:3      | HP: 8/32 [cerulean imp/+2 spear[Natasha] (3)]
  1907 | D:3      | 1907 ||| READING scroll of teleportation.
  1908 | D:3      | 1908 ||| Stepping ~*~*~tactically~*~*~ (retreating).
  1909 | D:3      | 1909 ||| Stepping ~*~*~tactically~*~*~ (retreating).
  1933 | D:3      | Killed Natasha
  1934 | D:3      | Reached skill level 6 in Ranged Weapons
  2162 | D:3      | 2162 ||| UPGRADING to +0 ring mail.
  2172 | D:3      | 2172 ||| DROPPING +0 leather armour.
  2173 | D:3      | 2173 ||| UPGRADING to amulet of faith.
  2178 | D:3      | 2178 ||| READING scroll labelled DEFECLIWAN.
  2179 | D:3      | 2179 ||| READING scroll labelled SISSAATUEF.
  2180 | D:3      | 2180 ||| READING scroll labelled PIUMEG ZOUFIU.
  2281 | D:3      | 2281 ||| DRINKING 3 red potions.
  2282 | D:3      | 2282 ||| DROPPING 2 potions of degeneration.
  2461 | D:4      | Reached skill level 1 in Armour
  2575 | D:4      | Reached XP level 6. HP: 38/38 MP: 6/6
  3321 | D:4      | 3321 ||| READING scroll labelled BOUGUS FINOIN.
  3322 | D:4      | 3322 ||| DRINKING 2 black potions.
  3323 | D:4      | 3323 ||| DRINKING 2 cyan potions.
  3346 | D:5      | Entered Level 5 of the Dungeon
  3388 | D:5      | Noticed Edmund
  3403 | D:5      | HP: 6/38 [Edmund/+2 flail of protection (8)]
  3404 | D:5      | Slain by Edmund

Levels and vault maps discovered:
D:1:      dpeg_arrival_leaves_temple_mockup, layout_basic,
          shapermc_ecumenical_altar_mp_highgroup, minmay_cupped
D:2:      layout_rooms, serial_shops, shop, grunt_decor_cap
D:3:      layout_basic, uniq_robin, uniq_natasha
D:4:      layout_basic, chequers_serial_rivers_micro_e
D:5:      minmay_skewed_foursquare, layout_rooms, uniq_edmund

Skill      XL: |  1  2  3  4  5 |
---------------+----------------+-----
Ranged Weapons | 5 6 |  6.6
Fighting       | 3 4 |  4.2
Armour         | 1 |  1.0
Dodging        | |  1.5
Stealth        | |  1.1

Action                     |  1- 3 |  4- 6 || total
---------------------------+-------+-------++-------
   Fire: Shortbow          |   121 |   227 ||   348
    Use: Scroll            |     3 |     8 ||    11
         Potion            |       |     4 ||     4
 Armour: Leather armour    |    40 |    73 ||   113
         Ring mail         |       |    58 ||    58
  Dodge: Dodged            |    41 |    91 ||   132

Table legend:
 A = Non-vault XP
 B = Vault XP
 C = Vault XP percentage of total XP
 D = Non-vault monster count
 E = Vault monster count
 F = Vault count percentage of total count
                 A         B        C        D         E       F
            +---------+---------+-------+---------+---------+-------
      Total |     392 |      78 |  16.6 |      69 |      16 |  18.8
            +---------+---------+-------+---------+---------+-------
        D:1 |      37 |       4 |   9.8 |      22 |       2 |   8.3
        D:2 |      67 |      37 |  35.6 |      17 |      12 |  41.4
        D:3 |      25 |      37 |  59.7 |       7 |       2 |  22.2
        D:4 |     221 |       0 |   0.0 |      22 |       0 |   0.0
        D:5 |      42 |       0 |   0.0 |       1 |       0 |   0.0
            +---------+---------+-------+---------+---------+-------
